 Seeded DCSS version 0.31-a0-986-g5e6e4ef867 (webtiles) character file.

Game seed: 12398859678919493929 (custom seed)

2086 timneilson the Ruffian (level 9, -3/60 HPs)
             Began as an Octopode Shapeshifter on Nov 11, 2023.
             Was an Initiate of Gozag.
             Slain by a bullfrog (8 damage)
             ... on level 7 of the Dungeon.
             The game lasted 00:13:52 (5852 turns).

timneilson the Ruffian (Octopode Shapeshifter)      Turns: 5852, Time: 00:13:53

Health: -3/60      AC:  1    Str: 17    XL:     9   Next: 27%
Magic:  22/22      EV: 14    Int: 12    God:    Gozag
Gold:   409        SH:  6    Dex: 12    Spells: 14/14 levels left

rFire   + .          .
                       - Unarmed
rCold   . . .        g - +2 buckler {rF+}
rNeg    . . .        (helmet currently unavailable)
rPois   .            (no amulet)
rElec   .            t - ring of flight
rCorr   .            l - ring of magical power
SInv    .            (no ring)
Will    .....        (no ring)
Stlth   ++++         (no ring)
HPRegen 0.30/turn    (no ring)
MPRegen 0.18/turn    (no ring)
                     (no ring)

%: no passive effects
@: beast-form, flying
A: beast (slay +3), almost no armour, amphibious, 8 rings, camouflage 1,
gelatinous body 1, (nimble swimmer 1), tentacles
a: Begin Untransformation, Renounce Religion, Potion Petition, Call Merchant,
Bribe Branch


You were on level 7 of the Dungeon.
You worshipped Gozag.
Gozag was aware of your devotion.
You were a hulking beast.
You visited 2 branches of the dungeon, and saw 8 of its levels.

You collected 510 gold pieces.
You paid 101 gold pieces to Gozag.

Inventory:

Armour
 g - a +2 buckler of fire resistance (worn)
 r - a +1 hat of intelligence
Jewellery
 h - a ring of ice
 j - an amulet of magic regeneration
 l - a ring of magical power (right tentacle)
 t - a ring of flight (left tentacle)
Talismans
 b - a beast talisman
 c - a flux talisman
Wands
 m - a wand of digging (6)
Scrolls
 e - 2 scrolls of fog
 n - 2 scrolls of identify
 p - a scroll of immolation
 q - 4 scrolls of teleportation
 s - 3 scrolls of enchant armour
Potions
 a - 5 potions of lignification
 d - a potion of ambrosia
 f - 2 potions of haste
 i - a potion of heal wounds
 k - 3 potions of brilliance
 o - a potion of attraction


   Skills:
 * Level 4.8 Fighting
 * Level 5.1 Dodging
 + Level 5.0 Stealth
 + Level 3.0 Shields
 * Level 5.7 Unarmed Combat
 + Level 3.0 Spellcasting
 + Level 3.2 Evocations
 * Level 5.2 Shapeshifting


You had 14 spell levels left.
You didn't know any spells.
Your spell library contained the following spells:

 Spells                   Type           Power      Damage    Failure   Level
 Shock                    Conj/Air       4%         1d3       30%         1
 Sublimation of Blood     Necr           1%         N/A       43%         2
 Swiftness                Air            1%         N/A       67%         3
 Airstrike                Air            0%         2d(1-17)  97%         4
 Petrify                  Tmut/Erth      1%         N/A       97%         4
 Irradiate                Conj/Tmut      0%         3d11      100%        5


Dungeon Overview and Level Annotations

Branches:
Dungeon (7/15)             Temple (1/1) D:5

Altars:
Ashenzari
Cheibriados
Dithmenos
Elyvilon
Fedhas
Gozag
Hepliaklqana
Kikubaaqudgha
Makhleb
Nemelex Xobeh
Okawaru
Qazlal
Ru
Sif Muna
Trog
Uskayaw
Vehumet
Wu Jian
Xom
Yredelemnul
Zin
The Shining One

Shops:
D:6 [


Innate Abilities, Weirdness & Mutations

You are a hulking beast.
Your limbs bulge with bestial killing power. (Slay +3)
You cannot wear most types of armour.
You are amphibious.
You can wear up to eight rings at the same time.
Your skin changes colour to match your surroundings (Stealth+).
Your rubbery body absorbs attacks. (AC +1, EV +1)
((You are camouflaged when in or above water. (Stealth+)))
You have tentacles for arms and can constrict up to eight enemies at once.


Message History

The white imp is moderately wounded.
You constrict the white imp. The white imp gestures at you.
The puff of frost hits you!
You bludgeon the white imp!
You kill the white imp!
You see here 7 gold pieces.
You now have enough gold to petition Gozag for potion effects.
You now have 405 gold pieces (gained 7).
You hear the faint creaking of a very distant portcullis.
You see here a staff of poison.
You see here a scroll of identify.
You see here a staff of poison.
You see here a staff of poison.
You see here a scroll of identify.
n - 2 scrolls of identify (gained 1) Autopickup is now on.
You see here a staff of poison.
You see here a +2 cloak of poison resistance.
The orc hits you with a +4 heavy flail!
You bludgeon the orc!
You kill the orc!
You now have 409 gold pieces (gained 4).
You see here a +4 heavy flail.
The bullfrog gives a loud, deep croak!
You hear a shout!
You hear two shouts!
You hear a shout!
A two-headed ogre comes into view. It is wielding two +0 giant clubs.
Found 9 gold pieces.
The two-headed ogre shouts in stereo!
The orc shouts!
The bullfrog closely misses you. The bullfrog hits you!
* * * LOW HITPOINT WARNING * * *
The bullfrog hits you.
* * * LOW HITPOINT WARNING * * *
You see here a scroll of teleportation.
q - 4 scrolls of teleportation (gained 1)
The bullfrog hits you!
* * * LOW HITPOINT WARNING * * *
The bullfrog hits you!
You die...
Your body crumbles into a pile of gold.

....# ###.# ##..######## #
....######.#########..######
......................)....#
..>.#.)....########..#...###
.......###.. #.......###
#### ....$...
#...###.##.#### ####...
....##..
#.#.....#..#######....##
<...# #.
#.###?..F..........####
..#$# .......h.....>[......#
#.#.# .#..#................#
F#.# .....o########......#
.. ....... ######## ......#
#.O... #..o.. ..$#..


You could see a two-headed ogre, a bullfrog and 2 orcs.

Vanquished Creatures
  A wyvern (D:7)
  A water moccasin (D:5)
  4 black bears
  3 ogres (D:5)
  2 centaurs
  A phantom (D:6)
  A kobold brigand (D:4)
  2 scorpions
  6 hounds
  3 gnoll boudas (D:4)
  2 orc priests (D:5)
  2 jellies
  An iguana (D:4)
  19 gnolls (D:4)
  6 adders
  A shadow imp (D:6)
  2 white imps
  2 worms (D:3)
  5 dart slugs
  23 orcs
  4 ball pythons
  4 bats
  6 endoplasms
  6 giant cockroaches
  9 hobgoblins
  13 jackals
  4 quokkas
  4 goblins
  7 kobolds
  3 rats
147 creatures vanquished.

Notes
Turn   | Place    | Note
-------+----------+-------------------------------------------
     0 | D:1      | timneilson the Octopode Shapeshifter began the quest for
                  | the Orb.
     0 | D:1      | Reached XP level 1. HP: 13/13 MP: 1/1
   298 | D:1      | Reached XP level 2. HP: 18/18 MP: 2/2
  1056 | D:2      | Reached XP level 3. HP: 23/23 MP: 3/3
  1203 | D:2      | Found a shadowy altar of Dithmenos.
  1218 | D:2      | Reached skill level 1 in Stealth
  1631 | D:3      | Reached XP level 4. HP: 28/28 MP: 5/5
  1972 | D:3      | Identified a scroll of acquirement
  1972 | D:3      | Acquired a +2 buckler of fire resistance
  2061 | D:3      | Noticed a black bear
  2447 | D:3      | Killed a black bear
  2448 | D:3      | Reached skill level 1 in Spellcasting
  2448 | D:3      | Reached XP level 5. HP: 30/34 MP: 6/6
  2752 | D:4      | Noticed a black bear
  2766 | D:4      | Killed a black bear
  2767 | D:4      | Reached skill level 1 in Shields
  2767 | D:4      | Reached XP level 6. HP: 14/41 MP: 6/8
  2920 | D:4      | Found a blossoming altar of Fedhas.
  3270 | D:4      | Reached skill level 1 in Evocations
  3319 | D:4      | Reached XP level 7. HP: 45/45 MP: 9/9
  4068 | D:5      | Entered Level 5 of the Dungeon
  4076 | D:5      | Reached XP level 8. HP: 53/53 MP: 11/11
  4220 | D:5      | Identified the +1 flail of the Rattlesnake {protect, Dex+3}
  4472 | D:5      | Reached skill level 5 in Unarmed Combat
  4705 | D:5      | Found a staircase to the Ecumenical Temple.
  4720 | Temple   | Entered the Ecumenical Temple
  4735 | Temple   | Became a worshipper of Gozag Ym Sagoz the Greedy
  5100 | D:6      | Reached skill level 5 in Shapeshifting
  5105 | D:6      | Reached XP level 9. HP: 39/59 MP: 13/13
  5113 | D:6      | Found Segaidij's Antique Armour Shoppe.
  5407 | D:6      | Reached skill level 5 in Dodging
  5642 | D:6      | Found a sacrificial altar of Ru.
  5645 | D:6      | Found a hazy altar of Hepliaklqana.
  5651 | D:6      | Found a basalt altar of Yredelemnul.
  5709 | Bailey   | Identified the "Ysuina"
  5719 | D:7      | Reached skill level 5 in Stealth
  5850 | D:7      | Noticed a two-headed ogre
  5852 | D:7      | Slain by a bullfrog

Illustrated notes

Levels and vault maps discovered:
D:1:      psy_arrival_conway, layout_basic
D:2:      layout_basic, basic_altar, hex_tiny, due_unseen_surprise
D:3:      layout_loops_ring, wad_rectangle_vault
D:4:      lemuel_castle_with_subvaults [lemuel_castle_interior_carwin_1],
          layout_loops_ring, general_overflow_altar
D:5:      layout_rooms, minmay_temple_entry_proselytizer,
          kennysheep_pointless_box, kennysheep_generic_room_13
D:6:      nicolae_cairo_tiling_very_big, layout_rooms,
          minmay_overflow_temple_star_quad, serial_shops, kennysheep_mini_moat
D:7:      layout_rooms, enter_bailey_5
Temple:   eino_narrow_crystal_temple

Skill      XL: |  1  2  3  4  5  6  7  8  9 |
---------------+----------------------------+-----
Stealth        | 1 2 3 4 5 |  5.0
Fighting       | 2 3 4 |  4.8
Dodging        | 3 4 5 |  5.1
Spellcasting   | 1 2 3 |  3.0
Shields        | 1 2 3 |  3.0
Unarmed Combat | 4 5 |  5.7
Evocations     | 1 2 3 |  3.2
Shapeshifting  | 4 5 |  5.2

Action                     |  1- 3 |  4- 6 |  7- 9 || total
---------------------------+-------+-------+-------++-------
  Melee: Unarmed           |    67 |    90 |   194 ||   351
         Constrict         |    23 |    23 |    50 ||    96
         Tentacles         |    15 |    20 |    49 ||    84
         Punch             |     3 |     1 |    15 ||    19
    Use: Scroll            |     5 |     6 |     3 ||    14
         Potion            |     1 |       |     3 ||     4
   Stab: Sleeping          |    13 |     8 |     9 ||    30
         Distracted        |       |     1 |     2 ||     3
 Armour: Skin              |    37 |    33 |    83 ||   153
  Dodge: Dodged            |    35 |    50 |    95 ||   180
  Block: Buckler           |       |    20 |    50 ||    70

Table legend: (Time is in decaauts)
 A = Elapsed time spent in this place.
 B = Non-inter-level travel time spent in this place.
 C = Inter-level travel time spent in this place.
 D = Time resting spent in this place.
 E = Time spent auto-exploring this place.
 F = Levels seen in this place.
 G = Mean time per level.
                   A        B        C        D        E       F      G
               +--------+--------+--------+--------+--------+-----+--------+
         Total |   5818 |   5608 |    210 |    288 |   3650 |   8 |  727.2 |
       Dungeon |   5787 |   5605 |    182 |    288 |   3650 |   7 |  826.7 |
        Temple |     30 |      2 |     28 |      0 |      0 |   1 |   30.0 |
               +--------+--------+--------+--------+--------+-----+--------+

Top non-repeatable levels by time:
     D:4: 1455 daAuts
     D:3: 1096 daAuts
     D:1: 1038 daAuts
     D:5: 856 daAuts
     D:6: 622 daAuts
     D:2: 576 daAuts
     D:7: 141 daAuts
  Temple: 30 daAuts
